 Dungeon Crawl Stone Soup version 0.26-a0-1131-g5f66e2dd50 (webtiles) character file.

Game seed: 3465091831020725640

8445 Flubber the Basher (level 11, -3/99 HPs)
             Began as a Minotaur Berserker on Dec 19, 2020.
             Was a High Priest of Trog.
             Killed from afar by an electric eel (5 damage)
             ... with a bolt of electricity
             ... on level 10 of the Dungeon.
             The game lasted 00:28:59 (10202 turns).

Flubber the Basher (Minotaur Berserker)            Turns: 10202, Time: 00:28:59

Health: -3/99      AC: 19    Str: 25    XL:     11   Next: 10%
Magic:  10/10      EV: 11    Int: 10    God:    Trog [*****.]
Gold:   618        SH:  0    Dex: 10    Spells: 10/10 levels left

rFire    . . .     SeeInvis +   V - +2 morningstar (vorpal)
rCold    . . .     Faith    .   (no shield)
rNeg     + . .     Spirit   .   a - +4 chain mail of Cuizxeff {Rampage rC+}
rPois    +         Reflect  .   (helmet restricted)
rElec    .         Harm     .   q - +0 cloak
rCorr    .         Rampage  +   o - +0 pair of gloves
Will     .....                  M - +0 pair of boots
Stlth    ..........             Q - amulet of regeneration
HPRegen  0.66/turn              O - ring of Rafolo {+Inv rPois rC- rN+ SInv}
MPRegen  0.12/turn              I - +6 ring of intelligence

@: berserk cooldown, slowed, very slow
A: retaliatory headbutt, horns 2
a: Renounce Religion, Evoke Invisibility, Berserk, Trog's Hand, Brothers in Arms


You were on level 10 of the Dungeon.
You worshipped Trog.
Trog was extremely pleased with you.
You visited 1 branch of the dungeon, and saw 10 of its levels.

You collected 618 gold pieces.

Inventory:

Hand Weapons
 d - a +2 battleaxe of venom
 u - a +2 quarterstaff of chaos
 B - a +4 dire flail of protection
 G - a +2 whip of flaming
 V - a +2 vorpal morningstar (weapon)
Missiles
 p - 5 boomerangs
 s - 125 bolts
 L - 3 javelins (quivered)
Armour
 a - the +4 chain mail of Cuizxeff (worn) {Rampage rC+}
   (You found it on level 6 of the Dungeon)

   It protects you from cold.
   It bestows one free step when moving towards enemies.
 n - a +0 leather armour
 o - a +0 pair of gloves (worn)
 q - a +0 cloak (worn)
 r - a +2 ring mail of poison resistance
 z - a +0 cloak
 M - a +0 pair of boots (worn)
Jewellery
 k - an uncursed ring of fire
 C - an uncursed ring of protection from fire
 F - an uncursed amulet of reflection
 I - a +6 ring of intelligence (right hand)
 O - the ring of Rafolo (left hand) {+Inv rPois rC- rN+ SInv}
   (You found it on level 9 of the Dungeon)

   [ring of see invisible]

   It makes you vulnerable to cold.
   It protects you from poison.
   It protects you from negative energy.
   It lets you see invisible.
   It lets you turn invisible.
 Q - an amulet of regeneration (around neck)
Wands
 b - a wand of flame (18)
 y - a wand of iceblast (19)
 J - a wand of enslavement (29)
Scrolls
 c - 7 scrolls of identify
 e - 13 scrolls of teleportation
 f - a scroll of noise
 x - 4 scrolls of remove curse
 A - a scroll of fog
 H - a scroll of blinking
 K - 2 scrolls of enchant armour
 N - a scroll of fear
 P - a scroll of enchant weapon
Potions
 g - 6 potions of heal wounds
 h - 4 potions of degeneration {unknown}
 i - a potion of magic {unknown}
 j - 3 potions of curing
 l - a potion of invisibility
 m - 2 potions of haste
 v - 3 potions of brilliance
 w - 5 potions of attraction {unknown}
 D - a potion of might {unknown}
 E - a potion of mutation {unknown}
 R - a potion of ambrosia {unknown}
 S - a potion of flight {unknown}
 T - a potion of lignification {unknown}
Miscellaneous
 U - a lightning rod (4/4)


   Skills:
 + Level 10.0 Fighting
 * Level 13.1 Maces & Flails
 + Level 9.5 Armour
 + Level 7.8 Dodging
 - Level 3.0 Stealth


You had 10 spell levels left.
You didn't know any spells.
Your spell library was empty.

Dungeon Overview and Level Annotations

Branches:
Dungeon (10/15)            Temple (0/1) D:4            Lair (0/6) D:10
    Orc: D:9-12

Altars:
Ashenzari
Elyvilon
Gozag
Hepliaklqana
Kikubaaqudgha
Okawaru
Trog
Uskayaw
Vehumet
The Shining One

Shops:
D:6 [

Annotations:
D:6 2 transporters, rlgrobin's ghost, weakling KoDe
D:7 2 transporters, Veteran's ghost, novice DECj


Innate Abilities, Weirdness & Mutations

You reflexively headbutt those who attack you in melee.
You have a pair of horns on your head.


Message History

You kill the hornet!
Trog accepts your kill.
You puncture the electric eel!
You kill the electric eel!
Trog accepts your kill.
You hear a splash.
The electric eel shoots out a bolt of lightning at you!
The bolt of electricity hits you!
* * * LOW HITPOINT WARNING * * *
You are too berserk!
You feel a strong urge to attack something.
You feel your anger nearly subside.
You are no longer berserk.
You are exhausted.
You feel yourself slow down.
The electric eel shoots out a bolt of lightning at you!
The bolt of electricity hits you!
* * * LOW HITPOINT WARNING * * *
The electric eel shoots out a bolt of lightning at you!
The bolt of electricity hits you.
You die...

.>.≈.≈≈≈..# #.
...[≈≈;.≈.# #.
....≈≈†...###### #.
....≈≈≈.)....... #.
≈.≈≈≈≈.......... #.
≈.≈≈≈≈.......... #.
≈.≈≈≈≈≈......... #.
≈.≈≈≈≈≈......... #.
≈.≈.≈≈†≈@####### #.
≈.≈.≈≈.).# #. ≈.≈.≈....#
#.
........)###############)
..........)).........)...
#.#...##.################
#.#......# #...#### #...


You could see an electric eel.

Vanquished Creatures
  A two-headed ogre (D:9)
  Pikel (D:5)
  Joseph (D:7)
  Psyche (D:8)
  2 trolls
  A hornet (D:10)
  Grinder (D:3)
  A shadow (D:9)
  A yak (D:9)
  Sigmund (D:5)
  A steam dragon (D:6)
  Edmund (D:4)
  2 water moccasins
  2 sky beasts
  4 orc warriors
  3 ice beasts
  2 wolves (D:10)
  An eye of draining (D:8)
  A necrophage (D:8)
  2 ogres
  2 centaurs
  2 lemures (D:5)
  7 bullfrogs
  A gnoll sergeant (D:7)
  2 water moccasin zombies
  3 scorpions
  5 killer bees (D:9)
  12 wights
  2 howler monkeys (D:8)
  3 electric eels (D:10)
  2 bullfrog zombies
  8 hounds
  9 orc wizards
  9 orc priests
  4 jellies
  Ijyb (D:3)
  Crazy Yiuf (D:2)
  10 worker ants
  Natasha (thrice) (D:4)
  2 iguanas
  A worker ant zombie (D:9)
  Robin (D:4)
  10 gnolls
  A howler monkey skeleton (D:8)
  12 adders
  A shadow imp (D:10)
  5 white imps
  An ufetubus (D:5)
  2 oozes
  A worm (D:3)
  4 dart slugs
  5 leopard geckos
  33 orcs
  4 bats
  5 giant cockroaches
  20 goblins
  6 hobgoblins
  8 jackals
  6 kobolds
  3 quokkas
  2 ball pythons
  6 frilled lizards
  A goblin skeleton (D:5)
  2 goblin zombies (D:5)
  2 hobgoblin zombies (D:5)
  A kobold skeleton (D:5)
  3 kobold zombies (D:5)
  An orc skeleton (D:5)
  7 rats
272 creatures vanquished.

Notes
Turn   | Place    | Note
-------+----------+-------------------------------------------
     0 | D:1      | Flubber the Minotaur Berserker began the quest for the Orb.
     0 | D:1      | Reached XP level 1. HP: 19/19 MP: 0/0
   155 | D:1      | Reached XP level 2. HP: 23/27 MP: 1/1
   244 | D:1      | Reached skill level 4 in Maces & Flails
   734 | D:1      | Reached XP level 3. HP: 33/33 MP: 2/2
   789 | D:1      | Reached ** piety under Trog
  1991 | D:2      | Reached XP level 4. HP: 40/40 MP: 3/3
  2178 | D:2      | Found a runed translucent door.
  2179 | D:2      | Noticed Crazy Yiuf
  2431 | D:2      | Killed Crazy Yiuf
  2636 | D:3      | Noticed Ijyb
  2653 | D:3      | Killed Ijyb
  2654 | D:3      | Reached skill level 5 in Maces & Flails
  2852 | D:3      | Reached XP level 5. HP: 35/47 MP: 4/4
  2936 | D:3      | Noticed Grinder
  2942 | D:3      | Paralysed by Grinder for 7 turns
  2968 | D:3      | Paralysed by something for 7 turns
  2969 | D:3      | HP: 1/47 [something (6)]
  2989 | D:3      | Paralysed by something for 5 turns
  2994 | D:3      | Killed Grinder
  2995 | D:3      | Reached skill level 5 in Fighting
  2995 | D:3      | Reached skill level 6 in Maces & Flails
  2995 | D:3      | Reached XP level 6. HP: 26/56 MP: 5/5
  3938 | D:4      | Noticed Robin
  3947 | D:4      | Reached *** piety under Trog
  3957 | D:4      | Killed Robin
  4096 | D:4      | Noticed Edmund
  4100 | D:4      | Noticed Natasha
  4105 | D:4      | Killed Natasha
  4108 | D:4      | Killed Edmund
  4109 | D:4      | Reached XP level 7. HP: 61/61 MP: 6/6
  4110 | D:4      | Reached skill level 7 in Maces & Flails
  4221 | D:4      | Found a staircase to the Ecumenical Temple.
  4249 | D:4      | Noticed Natasha
  4254 | D:4      | Killed Natasha
  4268 | D:4      | Reached skill level 5 in Armour
  4361 | D:4      | Noticed Natasha
  4366 | D:4      | Killed Natasha
  4408 | D:4      | Found a radiant altar of Vehumet.
  4409 | D:4      | Found a hazy altar of Hepliaklqana.
  4622 | D:5      | Entered Level 5 of the Dungeon
  4641 | D:5      | Found a glowing golden altar of the Shining One.
  4940 | D:5      | Noticed Pikel
  4955 | D:5      | Killed Pikel
  4956 | D:5      | Reached skill level 8 in Maces & Flails
  4956 | D:5      | Reached skill level 5 in Dodging
  4956 | D:5      | Reached XP level 8. HP: 55/71 MP: 7/7
  5295 | D:5      | Reached **** piety under Trog
  5445 | D:5      | Noticed Sigmund
  5467 | D:5      | Killed Sigmund
  5468 | D:5      | Reached skill level 9 in Maces & Flails
  5934 | D:6      | Reached XP level 9. HP: 79/79 MP: 8/8
  6200 | D:6      | Reached skill level 10 in Maces & Flails
  6307 | D:6      | Got a faintly humming chain mail
  6318 | D:6      | Identified the +4 chain mail of Cuizxeff {Rampage rC+} (You
                  | found it on level 6 of the Dungeon)
  6332 | D:6      | Found a transporter.
  6332 | D:6      | Noticed rlgrobin's ghost (weakling KoDe)
  6403 | D:6      | Found a glowing golden altar of the Shining One.
  6487 | D:6      | Found a transporter.
  6524 | D:6      | Found Fedavyl's Armour Shop.
  6784 | D:7      | Noticed Joseph
  6795 | D:7      | Killed Joseph
  7063 | D:7      | Found a transporter.
  7104 | D:7      | Noticed Veteran's ghost (novice DECj)
  7116 | D:7      | Found a transporter.
  7183 | D:7      | Reached skill level 11 in Maces & Flails
  7245 | D:7      | Noticed a moth of wrath
  7476 | D:7      | Found an ancient bone altar of Kikubaaqudgha.
  7632 | D:8      | Reached ***** piety under Trog
  7637 | D:8      | Found an iron altar of Okawaru.
  7727 | D:8      | Reached XP level 10. HP: 71/90 MP: 9/9
  7774 | D:8      | Noticed Psyche
  7782 | D:8      | Killed Psyche
  8146 | D:8      | Reached skill level 1 in Stealth
  9070 | D:9      | Reached skill level 12 in Maces & Flails
  9092 | D:9      | Noticed a two-headed ogre
  9102 | D:9      | Killed a two-headed ogre
  9299 | D:9      | Got a coiled bone ring
  9344 | D:9      | Identified the ring of Rafolo {+Inv rPois rC- rN+ SInv}
                  | (You found it on level 9 of the Dungeon)
  9712 | D:9      | Found a glowing golden altar of the Shining One.
  9847 | D:9      | Found a white marble altar of Elyvilon.
  9848 | D:9      | Found a hide-covered altar of Uskayaw.
  9848 | D:9      | Found a bloodstained altar of Trog.
  9849 | D:9      | Found a broken altar of Ashenzari.
  9938 | D:9      | Found an opulent altar of Gozag.
  9984 | D:10     | Entered Level 10 of the Dungeon
 10085 | D:10     | Reached XP level 11. HP: 54/99 MP: 10/10
 10123 | D:10     | Reached skill level 13 in Maces & Flails
 10177 | D:10     | Received a gift from Trog
 10182 | D:10     | Found a staircase to the Lair.
 10195 | D:10     | Reached skill level 10 in Fighting
 10202 | D:10     | HP: 2/99 [electric eel/bolt of electricity (8)]
 10202 | D:10     | Killed from afar by an electric eel

Illustrated notes

Levels and vault maps discovered:
D:1:      lemuel_arrival_river_bridge, layout_rooms, moated_statue
D:2:      minmay_wonky_spiral, layout_loops_corners, uniq_crazy_yiuf_cottage
D:3:      layout_basic, uniq_grinder, uniq_ijyb
D:4:      layout_cave_pools, gammafunk_temple_overflow_pools,
          minmay_temple_entry_antechambers, minmay_misc_feat_rows, uniq_natasha,
          uniq_edmund, uniq_robin
D:5:      layout_basic, nicolae_tso_besieged_by_evil, uniq_sigmund, uniq_pikel
D:6:      layout_basic, serial_shops, kennysheep_mini_moat, basic_altar,
          gammafunk_ghost_stat_death
D:7:      layout_gridville, kennysheep_little_box,
          gammafunk_ghost_berserking_beasts,
          minmay_a_box_with_orc_wizards_in_it, uniq_joseph
D:8:      layout_gridville, okawaru_ov_weapons_minmay, uniq_psyche
D:9:      minmay_the_grid_octo_tiled_squarecenter [minmay_the_grid_octo_empty,
          minmay_the_grid_octo_tetromino_candy, minmay_the_grid_octo_concentric,
          minmay_the_grid_octo_77, minmay_the_grid_square_5x5_megaprize_hollow,
          minmay_the_grid_square_5x5_minivault,
          minmay_the_grid_square_5x5_fat_x, minmay_the_grid_square_5x5_eight,
          minmay_the_grid_square_5x5_longway], layout_grid_maze,
          lemuel_crystal_altar, chequers_temple_overflow_statue_of_worship,
          basic_altar, minmay_misc_feat_pillars
D:10:     layout_basic, erik_lair_island, gammafunk_ghost_arena, uniq_nergalle,
          uniq_urug

Skill      XL: |  1  2  3  4  5  6  7  8  9 10 11 |
---------------+----------------------------------+-----
Maces & Flails | 4 5 6 8 9 11 12 13 | 13.1
Fighting       | 4 5 6 7 8 9 10 | 10.0
Armour         | 3 4 5 6 8 9 |  9.5
Dodging        | 3 4 5 6 7 |  7.8
Stealth        | 3 |  3.0

Action                   |  1- 3 |  4- 6 |  7- 9 | 10-12 || total
-------------------------+-------+-------+-------+-------++-------
Melee: Mace              |    91 |     6 |       |       ||    97
       Headbutt          |    16 |    17 |    41 |    31 ||   105
       Quarterstaff      |       |    35 |       |       ||    35
       Flail             |       |    58 |     1 |       ||    59
       Dire flail        |       |       |    98 |    17 ||   115
       Whip              |       |       |    42 |       ||    42
       Battleaxe         |       |       |    97 |   178 ||   275
       Morningstar       |       |       |       |     8 ||     8
Throw: Boomerang         |       |       |    15 |       ||    15
       Javelin           |       |       |     1 |     6 ||     7
Invok: Berserk           |     1 |     4 |     6 |     4 ||    15
  Use: Scroll            |       |    10 |     7 |     3 ||    20
       Potion            |       |     2 |       |     2 ||     4
Armor: Animal skin       |     7 |       |       |       ||     7
       Leather armour    |     5 |    22 |    34 |       ||    61
       Ring mail         |       |       |    30 |    27 ||    57
       Chain mail        |       |       |       |    75 ||    75
Dodge: Dodged            |    62 |    55 |   149 |   116 ||   382
Block: Other             |       |       |    29 |    21 ||    50
       Reflection        |       |       |     3 |       ||     3

Table legend: (Time is in decaauts)
 A = Elapsed time spent in this place.
 B = Non-inter-level travel time spent in this place.
 C = Inter-level travel time spent in this place.
 D = Time resting spent in this place.
 E = Time spent auto-exploring this place.
 F = Levels seen in this place.
 G = Mean time per level.
                   A        B        C        D        E       F      G
               +--------+--------+--------+--------+--------+-----+--------+
         Total |  10416 |   9904 |    512 |   1659 |   6376 |  10 | 1041.6 |
       Dungeon |  10416 |   9904 |    512 |   1659 |   6376 |  10 | 1041.6 |
               +--------+--------+--------+--------+--------+-----+--------+

Top non-repeatable levels by time:
     D:8: 1463 daAuts
     D:2: 1447 daAuts
     D:3: 1308 daAuts
     D:1: 1205 daAuts
     D:7: 1036 daAuts
     D:5: 1018 daAuts
     D:6: 1009 daAuts
     D:9: 977 daAuts
     D:4: 730 daAuts
    D:10: 218 daAuts
